AoeStats
← VLC | _Sr Mike_

Nomad

510454374Analyzed
4v4 RM · 2d ago on Oct 1, 2026· 47m 52s· 8 players
Game mode
Random Map
Map size
231×231
Population
200
Speed
Normal
Resources
Standard
Victory
Conquest
Starting age
Dark Age
Ending age
Imperial Age
RankedLock teamsTeams togetherTeam positionsShared explorationLock speedFull tech treeHidden civsTurbo modeCheats
Victory
Defeat
🇨🇴 Varangians · Colombia
1571
+16
🇨🇴 Vietnamese · Colombia
1569
+16
🇨🇴 Mongols · Colombia
1566
+16
🇨🇴 Koreans · Colombia
1499
+19
🇻🇳 Koreans · Vietnam
1616
-19
🇯🇵 Persians · Japan
1602
-18
🇲🇽 Saracens · Mexico
1539
-16
🇯🇵 Teutons · Japan
1500
-14
[SotC ]Risck
7:12 Loom
14:29 Feudal Age
18:40 Castle Age
17:22 Double-Bit Axe
17:49 Horse Collar
18:27 Gold Mining
18:32 Stone Mining
19:38 Bow Saw
happikon.6139
7:11 Loom
12:34 Feudal Age
16:54 Castle Age
15:31 Fishing Lines
16:35 Double-Bit Axe
18:52 Gillnets
20:50 Wheelbarrow
23:10 Bow Saw
27:15 Redemption
31:10 Town Watch
32:36 Demolition Ship
33:05 Demolition Ship
38:37 Imperial Age
41:42 Fletching
41:53 Padded Archer Armor
42:37 Conscription
43:03 Bodkin Arrow
43:24 Leather Archer Armor
44:11 Chemistry
43:03 Elite Skirmisher
44:58 Ring Archer Armor
45:03 Masonry
46:58 Hoardings
48:01 Two-Man Saw
toyoruku
12:58 Feudal Age
17:19 Castle Age
15:38 Double-Bit Axe
16:35 Gold Mining
18:15 Medium Warships
20:21 Wheelbarrow
20:22 Bow Saw
26:13 Horse Collar
30:45 Hand Cart
31:44 Loom
34:56 Imperial Age
33:22 Gold Shaft Mining
33:21 Scale Barding Armor
33:41 Bloodlines
33:31 Husbandry
34:10 Forging
34:21 Chain Barding Armor
35:57 Plate Barding Armor
35:58 Iron Casting
35:52 Cavalier
37:12 Stone Mining
37:17 Light Cavalry
39:13 Savar
39:32 Capped Ram
43:06 Two-Man Saw
42:08 Heavy Plow
46:54 Blast Furnace
47:03 Hussar
ChangT
5:08 Loom
12:46 Feudal Age
16:47 Castle Age
15:30 Double-Bit Axe
16:04 Gold Mining
16:07 Fletching
16:04 Fishing Lines
17:58 Bow Saw
18:49 Wheelbarrow
19:03 Bodkin Arrow
20:53 Stone Mining
21:55 Town Watch
26:47 Hand Cart
30:53 Gold Shaft Mining
31:14 Ballistics
34:45 Imperial Age
35:38 Coinage
35:28 Bracer
36:29 Chemistry
37:00 Two-Man Saw
37:39 Conscription
37:35 Elite War Wagon
40:03 Banking
39:47 Treadmill Crane
47:39 Capped Ram
VLC | _Sr Mike_
10:56 Loom
14:16 Feudal Age
18:17 Castle Age
16:00 Fishing Lines
22:30 Squires
22:59 Scale Mail Armor
24:39 Town Watch
29:58 Double-Bit Axe
30:38 Horse Collar
32:45 Bow Saw
37:23 Wheelbarrow
40:14 Heavy Plow
41:36 Chain Mail Armor
45:19 Imperial Age
43:38 Hand Cart
43:37 Forging
44:00 Gold Mining
44:01 Stone Mining
46:08 Iron Casting
46:31 Conscription
46:16 Capped Ram
47:52 Plate Mail Armor
47:20 Elite Varangian Guard
48:38 Crop Rotation
VLC | GCuello
4:56 Loom
15:06 Feudal Age
16:48 Double-Bit Axe
20:17 Castle Age
18:38 Stone Mining
18:42 Gold Mining
18:38 Fishing Lines
21:58 Wheelbarrow
21:43 Bow Saw
24:43 Imperial Age
23:45 Stone Shaft Mining
24:00 Gold Shaft Mining
25:14 Fletching
30:18 Bodkin Arrow
30:23 Padded Archer Armor
30:10 Horse Collar
31:04 Heavy Plow
33:21 Leather Archer Armor
34:03 Hand Cart
34:30 Bracer
35:35 Ballistics
36:18 Chemistry
34:41 Elite Skirmisher
36:17 Thumb Ring
35:51 Imperial Skirmisher
39:04 Elite Mangudai
40:05 Conscription
42:13 Bloodlines
42:04 Husbandry
44:28 Parthian Tactics
44:40 Siege Engineers
44:45 Masonry
46:21 Murder Holes
47:37 Hoardings
VLC | DeaH
5:13 Loom
12:53 Feudal Age
13:23 Double-Bit Axe
15:19 Town Watch
18:18 Castle Age
16:00 Fishing Lines
16:28 Gold Mining
17:41 Wheelbarrow
17:32 Stone Mining
17:28 Horse Collar
19:17 Bow Saw
19:59 Stone Shaft Mining
20:03 Hand Cart
19:58 Gillnets
28:01 Imperial Age
25:56 Ballistics
25:19 Treadmill Crane
26:48 Ballistics
27:23 Fletching
27:51 Masonry
28:02 Bodkin Arrow
28:53 Bracer
30:28 Chemistry
32:02 Elite Skirmisher
33:37 Thumb Ring
34:05 Padded Archer Armor
35:59 Leather Archer Armor
35:05 Imperial Skirmisher
37:39 Two-Man Saw
36:40 Heavy Plow
37:32 Ring Archer Armor
36:40 Elite Rattan Archer
39:32 Paper Money
40:26 Pikeman
41:07 Squires
41:09 Scale Mail Armor
41:20 Forging
41:44 Crop Rotation
41:21 Halberdier
42:29 Murder Holes
43:05 Chain Mail Armor
44:55 Plate Mail Armor
45:02 Iron Casting
45:03 Arson
48:08 Hoardings
47:40 Siege Engineers
VLC | SnowBall
13:23 Feudal Age
17:12 Castle Age
15:57 Fletching
18:10 Bodkin Arrow
18:48 Medium Warships
20:13 Forging
20:17 Loom
22:54 Double-Bit Axe
25:20 Bow Saw
28:46 Horse Collar
31:31 Wheelbarrow
34:38 Ballistics
38:41 Imperial Age
38:10 Masonry
39:04 Scale Mail Armor
39:39 Iron Casting
39:29 Bracer
40:04 Hand Cart
41:47 Chemistry
42:12 Elite Fire Lancer
45:07 Chain Mail Armor
Connection lost

Rejoining the realm…

Still unreachable

The connection could not be restored.

Session expired

The server has moved on; the page needs a fresh start.